 Dungeon Crawl Stone Soup version 0.28.0 (webtiles) character file.

Game seed: 8728312705018178521

9263 croobank the Tainter (level 11, -7/68 HPs)
             Began as a Demonspawn Fire Elementalist on Feb 18, 2022.
             Was a Believer of Vehumet.
             Mangled by a six-headed hydra (8 damage)
             ... on level 1 of the Lair of Beasts.
             The game lasted 00:50:16 (11600 turns).

croobank the Tainter (DsFE)                        Turns: 11600, Time: 00:50:16

Health: -7/68      AC: 10    Str: 13    XL:     11   Next: 20%
Magic:  0/18       EV: 14    Int: 28    God:    Vehumet [**....]
Gold:   551        SH:  0    Dex: 14    Spells: 1/20 levels left

rFire   . . .      SeeInvis .   x - +4 scimitar (flame)
rCold   . . .      Faith    +   h - orb {light}
rNeg    . . .      Spirit   +   w - +2 robe of Negligence {rPois Int+4}
rPois   +          Reflect  .   C - +0 helmet
rElec   .          Harm     .   D - +1 cloak
rCorr   .          Rampage  .   l - +2 pair of gloves "Hereih" {Str+4}
Will    .....                   (no boots)
Stlth   +.........              p - amulet of faith
HPRegen 0.21/turn               (no ring)
MPRegen 0.32/turn               (no ring)

@: glowing
A: magic shield, magic regeneration, big brain 2, demonic touch 1
a: Renounce Religion


You were on level 1 of the Lair of Beasts.
You worshipped Vehumet.
Vehumet was pleased with you.
You visited 3 branches of the dungeon, and saw 15 of its levels.
You also visited: Ossuary.

You collected 683 gold pieces.
You spent 132 gold pieces at shops.

Inventory:

Hand Weapons
 a - a +4 spectral club
 b - a +2 vorpal shortbow
 i - a +1 short sword of speed
 o - a +2 short sword of flaming
 v - a +2 dagger of venom
 x - a +4 scimitar of flaming (weapon)
 L - a +0 eveningstar
 T - a +1 vorpal broad axe
 X - the +12 scimitar "Noukk" {freeze, *Corrode Str+4 Dex+3}
   (You found it on level 8 of the Dungeon)

   It freezes those it strikes, dealing additional cold damage.
   It can also slow down cold-blooded creatures.
   Str:       It affects your strength (+4).
   Dex:       It affects your dexterity (+3).
   *Corrode:  It may corrode you when you take damage.
Missiles
 f - 4 curare-tipped darts (quivered)
 r - 140 bolts
 y - 142 arrows
Armour
 h - an orb of light (worn)
 l - the +2 pair of gloves "Hereih" (worn) {Str+4}
   (You found it on level 2 of the Dungeon)

   Str:       It affects your strength (+4).
 m - a +3 leather armour
 t - a +0 plate armour
 w - the +2 robe of Negligence (worn) {rPois Int+4}
   (You took it off a kobold on level 3 of the Dungeon)

   Int:       It affects your intelligence (+4).
   rPois:     It protects you from poison.
 C - a +0 helmet (worn)
 D - a +1 cloak (worn)
 Q - a +0 crystal plate armour
 U - +0 steam dragon scales
 Y - +0 acid dragon scales
Magical Staves
 c - a staff of air
Jewellery
 p - an amulet of faith (around neck)
 K - an amulet of reflection
 P - an amulet of regeneration
Wands
 A - a wand of polymorph (4)
 B - a wand of flame (14)
 E - a wand of paralysis (5)
 O - a wand of iceblast (10)
 S - a wand of mindburst (10)
 Z - a wand of charming (3)
Scrolls
 d - 2 scrolls of amnesia
 j - 3 scrolls of teleportation
 k - 6 scrolls of noise
 s - a scroll of holy word
 z - a scroll of immolation
 G - a scroll of fear
 J - a scroll of summoning
 M - a scroll of magic mapping
 R - a scroll of brand weapon
Potions
 e - a potion of flight
 g - 6 potions of curing
 n - 10 potions of degeneration
 q - 2 potions of might
 u - 4 potions of haste
 F - 3 potions of invisibility {unknown}
 H - 2 potions of lignification {unknown}
 I - 3 potions of brilliance {unknown}
 N - a potion of magic {unknown}
 V - a potion of ambrosia {unknown}


   Skills:
 + Level 4.9 Long Blades
 - Level 3.4 Maces & Flails
 - Level 4.7 Dodging
 - Level 5.3 Stealth
 - Level 5.0 Spellcasting
 - Level 5.0 Conjurations
 + Level 8.1 Summonings
 - Level 5.4 Fire Magic
 + Level 8.2 Poison Magic


You had one spell level left.
You knew the following spells:

 Your Spells              Type           Power      Damage    Failure   Level
a - Foxfire               Conj/Fire      100%       2x1d9     1%          1
b - Scorch                Fire           74%        2d8       1%          2
c - Flame Wave            Conj/Fire      36%        2d9       8%          4
d - Call Canine Familiar  Summ           52%        N/A       1%          3
e - Olgreb's Toxic Radia  Pois           52%        N/A       2%          4
f - Poisonous Vapours     Pois/Air       58%        N/A       1%          2
g - Summon Guardian Gole  Hex/Summ       29%        N/A       3%          3

Your spell library contained the following spells:

 Spells                   Type           Power      Damage    Failure   Level
 Ignite Poison            Fire/Tmut/Pois 32%        N/A       3%          3
 Sting                    Tmut/Pois      100%       1d8       1%          1
 Summon Small Mammal      Summ           100%       N/A       1%          1
 Apportation              Tloc           14%        N/A       7%          1
 Conjure Flame            Conj/Fire      36%        6-21      2%          3
 Inner Flame              Hex/Fire       22%        N/A       7%          3
 Sublimation of Blood     Necr           7%         N/A       10%         2
 Wereblood                Tmut           7%         N/A       10%         2
 Portal Projectile        Hex/Tloc       14%        N/A       21%         3
 Alistair's Intoxication  Tmut/Pois      19%        N/A       34%         5
 Blade Hands              Tmut           3%         N/A       88%         5
 Excruciating Wounds      Necr           3%         N/A       88%         5
 Summon Hydra             Summ           26%        N/A       89%         7


Dungeon Overview and Level Annotations

Branches:
Dungeon (12/15)            Temple (0/1) D:7            Lair (1/6) D:8
    Orc (2/2) D:11            Elf (0/3) Orc:2       Ossuary (visited)

Altars:
Okawaru
Uskayaw
Vehumet
The Shining One

Shops:
D:1 [   D:3 *   Orc:1 !


Innate Abilities, Weirdness & Mutations

When hurt, damage is shared between your health and your magic reserves.
You regenerate magic rapidly.
You have an extremely huge brain. (Int +4)
Your touch may inflict minor irresistible damage on your foes.


Message History

Vehumet accepts your kill.
You hear a roar!
An eight-headed hydra comes into view.
The +12 scimitar "Noukk" {freeze, *Corrode Str+4 Dex+3} stops glowing.
Your +4 scimitar of flaming bursts into flame!
x - a +4 scimitar of flaming (weapon)
A four-headed hydra comes into view.
The cane toad stings you!
The eight-headed hydra completely misses you.
The eight-headed hydra closely misses you.
The eight-headed hydra bites you but does no damage.
The eight-headed hydra barely misses you.
The eight-headed hydra bites you. x2; The eight-headed hydra bites you! x2
The cane toad stings you.
You chop one of the eight-headed hydra's heads off!
The flame cauterises the wound!
You slash the seven-headed hydra! You burn the seven-headed hydra.
The seven-headed hydra is moderately wounded.
The seven-headed hydra closely misses you.
The seven-headed hydra bites you but does no damage. x2
The seven-headed hydra bites you!
The seven-headed hydra closely misses you.
The seven-headed hydra bites you. x2; The cane toad barely misses you.
You chop one of the seven-headed hydra's heads off!
The flame cauterises the wound!
You slash the six-headed hydra! You burn the six-headed hydra.
The six-headed hydra is moderately wounded.
The six-headed hydra bites you but does no damage. x2
The six-headed hydra bites you!
* * * LOW HITPOINT WARNING * * *
The six-headed hydra barely misses you.
The six-headed hydra bites you but does no damage.
The six-headed hydra misses you. The cane toad stings you!
* * * LOW HITPOINT WARNING * * *
The six-headed hydra bites you but does no damage.
The six-headed hydra completely misses you.
The six-headed hydra barely misses you. The six-headed hydra bites you.
* * * LOW HITPOINT WARNING * * *
The six-headed hydra bites you!
You die...

.................
..................
.............###.#+##
............# P#.#.P#
#......# ..D...#
##.....# ......# #..
#.....# ......# #...
#.....##......# #.
#... #....F@.......#
..##...
#....D#####.##.
..#...# ##.....P##
#..#..####.........
#>.................
#..................
...................
#..................
...................


You could see a six-headed hydra and a cane toad.

Vanquished Creatures
  2 two-headed ogres
  A centaur zombie (D:11)
  Maggie (D:7)
  An unseen horror (D:11)
  A komodo dragon (D:8)
  2 kobold demonologists (D:11)
  An efreet (D:8)
  A troll (D:10)
  2 meliai zombies (D:11)
  A wyvern (D:11)
  A wraith (D:11)
  A vampire (D:9)
  Menkaure (D:7)
  A warg (Orc:1)
  2 acid dragons
  2 water moccasins
  2 orc warriors (Orc:1)
  3 sky beasts
  A black bear (D:5)
  3 ogres
  5 centaurs
  6 kobold brigands
  4 bullfrogs
  2 gnoll sergeants (D:9)
  A scorpion (D:7)
  A water moccasin skeleton (D:5)
  6 killer bees (D:10)
  2 howler monkeys
  A bullfrog zombie (D:7)
  5 hounds
  2 jellies
  4 orc priests
  2 bullfrog skeletons
  4 iguanas
  7 orc wizards
  A hound zombie (D:5)
  5 mummies (Ossuary)
  A howler monkey zombie (D:10)
  Robin (D:4)
  4 adders
  10 gnolls
  2 white imps
  An ufetubus (D:6)
  2 worms
  2 dart slugs
  25 orcs
  6 endoplasms
  4 giant cockroaches
  13 goblins
  12 hobgoblins
  7 quokkas
  6 ball pythons
  11 bats
  14 frilled lizards
  2 gnoll zombies (Ossuary)
  2 goblin zombies (Ossuary)
  2 hobgoblin zombies (Ossuary)
  25 kobolds
  A kobold zombie (Ossuary)
  An orc zombie (Ossuary)
  8 rats
250 creatures vanquished.

Vanquished Creatures (collateral kills)
  A two-headed ogre (D:8)
  Prince Ribbit (D:7)
  A water moccasin (D:7)
  An acid dragon (D:8)
  A killer bee (D:8)
  A foxfire (D:5)
6 creatures vanquished.

Vanquished Creatures (others)
  265 foxfires
  8 plants
273 creatures vanquished.

Grand Total: 529 creatures vanquished

Notes
Turn   | Place    | Note
-------+----------+-------------------------------------------
     0 | D:1      | croobank the Demonspawn Fire Elementalist began the quest
                  | for the Orb.
     0 | D:1      | Reached XP level 1. HP: 13/13 MP: 3/3
   465 | D:1      | Gained mutation: Your touch may inflict minor irresistible
                  | damage on your foes. [demonic ancestry]
   465 | D:1      | Reached XP level 2. HP: 12/19 MP: 1/5
  1049 | D:1      | Learned a level 2 spell: Scorch
  1452 | D:1      | Gained mutation: You regenerate magic rapidly. [demonic
                  | ancestry]
  1452 | D:1      | Reached XP level 3. HP: 23/24 MP: 6/6
  1455 | D:1      | Found Mideask's Armour Shoppe.
  1945 | D:2      | Identified the +2 pair of gloves "Hereih" {Str+4}
  2378 | D:3      | Reached XP level 4. HP: 30/30 MP: 3/7
  2806 | D:3      | Identified the +2 robe of Negligence {rPois Int+4}
  2822 | D:3      | Learned a level 4 spell: Flame Wave
  2922 | D:3      | Found Jucliol's General Store.
  2930 | D:3      | Bought a scroll of identify for 20 gold pieces
  3083 | D:4      | Noticed an ogre
  3168 | D:4      | Killed an ogre
  3169 | D:4      | Reached XP level 5. HP: 35/35 MP: 2/9
  3397 | D:4      | Reached XP level 6. HP: 41/41 MP: 2/10
  3502 | D:4      | Noticed Robin
  3530 | D:4      | Killed Robin
  4171 | D:5      | Entered Level 5 of the Dungeon
  4199 | D:5      | Gained mutation: You have an unusually large brain. (Int
                  | +2) [demonic ancestry]
  4199 | D:5      | Reached XP level 7. HP: 38/46 MP: 12/12
  4249 | D:5      | Found a sand-covered staircase.
  4253 | Ossuary  | Entered an ossuary
  4348 | Ossuary  | Reached skill level 1 in Maces & Flails
  4781 | D:5      | Found a hide-covered altar of Uskayaw.
  5457 | D:5      | Gained mutation: When hurt, damage is shared between your
                  | health and your magic reserves. [demonic ancestry]
  5457 | D:5      | Reached XP level 8. HP: 34/52 MP: 14/14
  6488 | D:7      | Reached skill level 5 in Fire Magic
  6491 | D:7      | Noticed a two-headed ogre
  6530 | D:6      | Killed a two-headed ogre
  6531 | D:6      | Reached skill level 5 in Stealth
  6531 | D:6      | Reached skill level 5 in Spellcasting
  6531 | D:6      | Reached skill level 5 in Conjurations
  6531 | D:6      | Reached XP level 9. HP: 36/57 MP: 4/16
  6535 | D:6      | Learned a level 3 spell: Call Canine Familiar
  6540 | D:6      | Learned a level 4 spell: Olgreb's Toxic Radiance
  6678 | D:7      | Reached skill level 1 in Summonings
  6678 | D:7      | Reached skill level 1 in Poison Magic
  6747 | D:7      | Noticed Menkaure
  6756 | D:7      | Killed Menkaure
  6800 | D:7      | Found a staircase to the Ecumenical Temple.
  6807 | D:7      | Noticed Prince Ribbit
  6810 | D:7      | Noticed Maggie
  6826 | D:7      | Killed Maggie
  6832 | D:7      | Killed Prince Ribbit
  7295 | D:7      | Found a radiant altar of Vehumet.
  7299 | D:7      | Became a worshipper of Vehumet
  7441 | D:8      | Noticed a two-headed ogre
  7455 | D:8      | Killed a two-headed ogre
  7456 | D:8      | Reached skill level 5 in Summonings
  7456 | D:8      | Reached skill level 5 in Poison Magic
  7456 | D:8      | Gained mutation: You have an extremely huge brain. (Int +4)
                  | [demonic ancestry]
  7456 | D:8      | Reached XP level 10. HP: 45/63 MP: 9/17
  7574 | D:8      | Identified the +12 scimitar "Noukk" {freeze, *Corrode Str+4
                  | Dex+3}
  8017 | D:8      | Learned a level 2 spell: Poisonous Vapours
  8042 | D:8      | Found a staircase to the Lair.
  8050 | D:8      | Reached * piety under Vehumet
  8050 | D:8      | Offered knowledge of Shock by Vehumet.
  8056 | D:8      | Reached skill level 1 in Long Blades
  8472 | D:9      | Noticed a two-headed ogre
  8489 | D:9      | Killed a two-headed ogre
  8792 | D:9      | Found an iron altar of Okawaru.
  9364 | D:9      | Learned a level 3 spell: Summon Guardian Golem
  9512 | D:10     | Entered Level 10 of the Dungeon
  9850 | D:10     | Offered knowledge of Static Discharge by Vehumet.
  9925 | D:10     | Reached ** piety under Vehumet
 10679 | D:11     | Reached XP level 11. HP: 57/68 MP: 15/18
 10830 | D:11     | Found a staircase to the Orcish Mines.
 10831 | D:11     | Noticed a soul eater
 11093 | Orc:1    | Entered Level 1 of the Orcish Mines
 11095 | Orc:1    | Found Omexkok's Distillery.
 11108 | Orc:1    | Bought a potion of might for 56 gold pieces
 11108 | Orc:1    | Bought a potion of might for 56 gold pieces
 11126 | Orc:2    | Entered Level 2 of the Orcish Mines
 11126 | Orc:2    | Noticed an orc warlord
 11126 | Orc:2    | Found a staircase to the Elven Halls.
 11140 | Orc:1    | Offered knowledge of Ignite Poison by Vehumet.
 11453 | D:12     | Noticed a soul eater
 11563 | Lair:1   | Entered Level 1 of the Lair of Beasts
 11590 | Lair:1   | Noticed an eight-headed hydra
 11597 | Lair:1   | Noticed a four-headed hydra
 11600 | Lair:1   | HP: 1/68 [six-headed hydra (3)]
 11600 | Lair:1   | Mangled by a six-headed hydra

Illustrated notes

Levels and vault maps discovered:
D:1:      roderic_chinese_lattice_arrival, layout_loops_corners, serial_shops,
          nicolae_shop_stone, minmay_pentomino_t4
D:2:      layout_basic
D:3:      layout_basic, serial_shops, nicolae_shop_stone
D:4:      layout_loops_cross, uniq_robin
D:5:      layout_layer_cave, mainiacjoe_overflow_cross_hatched,
          eat_drink_and_be_merry_uskayaw, enter_ossuary_5
D:6:      layout_rooms, minmay_lizard_king
D:7:      layout_rooms, mainiacjoe_overflow_tiny_flanked, temple_fountains,
          minmay_misc_feat_roman, minmay_between, uniq_maggie, uniq_menkaure,
          uniq_prince_ribbit1
D:8:      layout_basic, david_lair_shrubbed, minmay_checkerbox
D:9:      layout_grid_maze, mainiacjoe_overflow_24_doors,
          chequers_serial_rivers_small_a
D:10:     layout_basic
D:11:     lemuel_ice_spiral_2, layout_basic
D:12:     layout_loops_ring
Lair:1:   layout_regular_city, st_stairs_11
Orc:1:    layout_diamond_mine, serial_shops, shop, shop, shop, shop, shop
Orc:2:    grunt_orc_cross, layout_caves, basic_altar

Skill      XL: |  1  2  3  4  5  6  7  8  9 10 11 |
---------------+----------------------------------+-----
Stealth        | 2 3 4 5 |  5.3
Dodging        | 2 3 4 |  4.7
Fire Magic     | 3 4 5 |  5.4
Conjurations   | 2 3 4 5 |  5.0
Spellcasting   | 3 4 5 |  5.0
Maces & Flails | 2 3 |  3.4
Summonings     | 5 7 8 |  8.1
Poison Magic   | 5 7 8 |  8.2
Long Blades    | 4 |  4.9

Action                   |  1- 3 |  4- 6 |  7- 9 | 10-12 || total
-------------------------+-------+-------+-------+-------++-------
Melee: Short sword       |    45 |    41 |       |       ||    86
       Touch             |     4 |       |       |       ||     4
       Club              |       |    30 |    99 |     7 ||   136
       Scimitar          |       |       |       |   121 ||   121
 Cast: Foxfire           |    41 |    45 |    45 |    32 ||   163
       Scorch            |     4 |    22 |    52 |    26 ||   104
       Call Canine Famil |       |       |     2 |     1 ||     3
       Flame Wave        |       |       |       |     3 ||     3
       Olgreb's Toxic Ra |       |       |       |     2 ||     2
       Poisonous Vapours |       |       |       |     1 ||     1
Evoke: Wand              |       |       |       |     1 ||     1
  Use: Scroll            |     1 |     5 |     8 |     6 ||    20
       Potion            |       |       |     2 |     4 ||     6
 Stab: Sleeping          |     1 |     1 |       |       ||     2
       Distracted        |       |       |     3 |       ||     3
Armor: Robe              |    18 |    18 |    39 |    70 ||   145
       Leather armour    |       |    33 |       |       ||    33
Dodge: Dodged            |    34 |    62 |    82 |   168 ||   346
